 Dungeon Crawl Stone Soup version 0.29.1-15-g9cfb28693d (webtiles) character file.

Game seed: 5543043626929903939

56 Heoruswealwe the Covered (level 3, 0/31 HPs)
             Began as a Demigod Fighter on Apr 12, 2023.
             Killed by divine providence
             ... invoked by an orc priest
              (15 damage)
             ... on level 3 of the Dungeon.
             The game lasted 00:11:30 (1781 turns).

Heoruswealwe the Covered (Demigod Fighter)          Turns: 1781, Time: 00:11:31

Health: 0/31       AC: 10    Str: 21    XL:     3   Next: 47%
Magic:  5/5        EV:  7    Int: 10    God:
Gold:   101        SH:  4    Dex: 13    Spells: 2/2 levels left

rFire   + . .      SeeInvis .   a - +0 war axe
rCold   . . .      Faith    .   c - +0 buckler
rNeg    . . .      Spirit   .   l - +0 chain mail
rPois   .          Reflect  .   (no helmet)
rElec   .          Harm     .   (no cloak)
rCorr   .          Rampage  .   (no gloves)
Will    .....                   i - +0 pair of boots
Stlth   ..........              (no amulet)
HPRegen 0.10/turn               m - ring of protection from fire
MPRegen 0.09/turn               (no ring)

@: no status effects
A: high MP 1, forlorn, divine attributes
a: no special abilities


You were on level 3 of the Dungeon.
You visited 1 branch of the dungeon, and saw 3 of its levels.

You collected 101 gold pieces.

Inventory:

Hand Weapons
 a - a +0 war axe (weapon)
Armour
 c - a +0 buckler (worn)
 i - a +0 pair of boots (worn)
 l - a +0 chain mail (worn)
Jewellery
 m - a ring of protection from fire (left hand)
Scrolls
 b - a scroll of immolation {unknown}
 f - a scroll of poison {unknown}
 g - a scroll of identify {unknown}
 n - a scroll of torment {unknown}
 o - a scroll of teleportation {unknown}
Potions
 d - a potion of might
 e - 2 potions of lignification {unknown}
 h - 2 potions of berserk rage {unknown}
 j - 3 potions of curing {unknown}
 k - a potion of haste {unknown}


   Skills:
 + Level 3.1 Fighting
 + Level 2.3 Axes
 + Level 3.1 Armour
 + Level 3.1 Shields


You had 2 spell levels left.
You didn't know any spells.
Your spell library was empty.

Dungeon Overview and Level Annotations

Branches:
Dungeon (3/15)


Innate Abilities, Weirdness & Mutations

You have an increased reservoir of magic. (+10% MP)
You shall have no god before yourself.
Your divine heritage dramatically boosts your attributes as you level up.


Message History

A puff of flame appears from out of thin air!
The puff of flame hits you. You resist. The orc hits you but does no damage.
The bat hits you.
You see here a ball python corpse.
The bat hits you but does no damage.
The orc priest calls down the wrath of Beogh upon you.
Something writhes in agony.
The bat hits you.
A goblin comes into view. It is wielding a +0 dagger.
The goblin shouts!
You block the bat's attack. The bat hits you but does no damage.
You hit the bat but do no damage. The bat hits you but does no damage. x2
The orc priest calls down the wrath of Beogh upon you.
Beogh smites you! The bat hits you. The goblin barely misses you.
You closely miss the bat. You barely miss the goblin.
The bat hits you but does no damage. x2; The bat hits you.
You block the goblin's attack.
You closely miss the bat. You barely miss the goblin.
The bat barely misses you. The goblin hits you but does no damage.
The bat hits you but does no damage. The goblin closely misses you.
You hit the bat but do no damage. You hit the goblin.
You kill the goblin!
The bat hits you but does no damage. x3
You slash the bat!
You kill the bat!
You miss something. Something hits you but does no damage.
You slash the orc!
You kill the orc!
You barely miss something.
Something hits you but does no damage. x2
You miss something. Something hits you.
You miss something.
You hear some strange, mumbled words.
A puff of flame appears from out of thin air!
You block the puff of flame. Something hits you.
You barely miss something. Something hits you but does no damage.
The rat twitches its whiskers.
You hit something.
The orc priest mumbles some strange prayers to Beogh against you.
Beogh smites you!
You die...

... #.# #.#
#.# ##.# ..#
#)# #@#
#.#####{##
#.....roo#
#######o.#
##...## .
###..†..#..r.
#.........r.#
#.#..........
#.##...######


You could see an orc priest, 2 orcs and a rat.

Vanquished Creatures
  An adder (D:2)
  A dart slug (D:1)
  An orc (D:3)
  5 endoplasms (D:1)
  2 goblins
  6 hobgoblins
  2 quokkas
  10 ball pythons
  6 bats
  A frilled lizard (D:1)
  3 kobolds
  6 rats
44 creatures vanquished.

Notes
Turn   | Place    | Note
-------+----------+-------------------------------------------
     0 | D:1      | Heoruswealwe the Demigod Fighter began the quest for the
                  | Orb.
     0 | D:1      | Reached XP level 1. HP: 18/18 MP: 3/3
   182 | D:1      | Reached XP level 2. HP: 17/25 MP: 4/4
  1067 | D:2      | Reached XP level 3. HP: 29/31 MP: 5/5
  1781 | D:3      | Killed from afar by an orc priest

Illustrated notes

Levels and vault maps discovered:
D:1:      onia_arrival_handbag, layout_loops_corners,
          hellmonk_ecumenical_altar_crossroads, reono_crystal_passage,
          chequers_serial_rivers_marsh, minmay_misc_feat_tower,
          grunt_decor_clamped, st_stairs_5
D:2:      layout_basic, serial_glass, glass_columns_b, glass_columns_a,
          dk_noncrumbling_3, minmay_pentomino_z4
D:3:      layout_loops_ring, marbit_many_paths, grunt_qazlal_clouds,
          kennysheep_small_spiral, minmay_cupped

Skill      XL: |  1  2 |
---------------+-------+-----
Axes           | 2 |  2.3
Fighting       | 3 |  3.1
Shields        | 3 |  3.1
Armour         | 3 |  3.1

Action                   || total
-------------------------++-------
Melee: War axe           ||   137
Armor: Scale mail        ||    65
       Chain mail        ||    33
Dodge: Dodged            ||    84
Block: Buckler           ||    28
